AoeStats
← MadCat

Golden Pit

508422956Analyzed
1v1 RM · 8d ago on Sep 22, 2026· 26m 14s· 2 players
Game mode
Random Map
Map size
Tiny (2 player)
Population
200
Speed
Normal
Resources
Standard
Victory
Conquest
Starting age
Dark Age
Ending age
Imperial Age
RankedLock teamsTeams togetherTeam positionsShared explorationLock speedFull tech treeHidden civsTurbo modeCheats
Victory
Defeat
🇩🇪 Saracens · Germany
1038
+16
🇧🇴 Bulgarians · Bolivia
1029
-16
Edpaca
9:33 Loom
11:41 Feudal Age
16:51 Castle Age
14:47 Double-Bit Axe
14:44 Horse Collar
16:10 Stone Mining
MadCat
6:43 Loom
12:27 Feudal Age
16:09 Castle Age
14:44 Double-Bit Axe
15:59 Town Watch
Connection lost

Rejoining the realm…

Still unreachable

The connection could not be restored.

Session expired

The server has moved on; the page needs a fresh start.